 Dungeon Crawl Stone Soup version 0.22-a0-433-gd2a9cce (webtiles) character file.

2483 Kairos the Cleaver (level 9, -11/75 HPs)
             Began as a Hill Orc Fighter on May 28, 2018.
             Mangled by a white ugly thing (24 damage)
             ... on level 6 of the Dungeon.
             The game lasted 00:10:06 (5940 turns).

Kairos the Cleaver (Hill Orc Fighter)               Turns: 5940, Time: 00:10:07

Health: -11/75     AC: 11    Str: 27    XL:     9   Next: 52%
Magic:  9/9        EV:  8    Int:  6    God:
Gold:   269        SH: 14    Dex: 10    Spells: 8/8 levels left

rFire    . . .     SeeInvis .   a - +0 war axe
rCold    . . .     Gourm    .   c - +0 shield
rNeg     + . .     Faith    .   p - +0 chain mail
rPois    +         Spirit   .   (helmet restricted)
rElec    .         Reflect  +   j - +0 cloak (curse)
rCorr    .         Harm     .   (no gloves)
MR       .....                  (no boots)
Stlth    ..........             x - +3 amulet of reflection
HPRegen  0.22/turn              z - ring of poison resistance
MPRegen  0.11/turn              s - ring of positive energy

@: mighty
A: horns 1, dopey 1, MP-powered wands
a: no special abilities


You were on level 6 of the Dungeon.
You were not hungry.

You visited 1 branch of the dungeon, and saw 6 of its levels.

You collected 269 gold pieces.

Inventory:

Hand Weapons
 a - a +0 war axe (weapon)
 C - a +2 flail of draining
Armour
 c - a +0 shield (worn)
 j - a cursed +0 cloak (worn)
 p - a +0 chain mail (worn)
 r - a +0 helmet
Jewellery
 i - a +5 ring of intelligence
 l - an uncursed ring of stealth
 m - an uncursed amulet of rage
 s - a ring of positive energy (right hand)
 x - a +3 amulet of reflection (around neck)
 z - a ring of poison resistance (left hand)
Wands
 b - a wand of clouds (6)
 D - a wand of disintegration (12)
 E - a wand of polymorph (12)
 G - a wand of flame (17)
 I - a wand of acid (8)
Scrolls
 h - a scroll of blinking
 n - 5 scrolls of fog
 t - 5 scrolls of remove curse
 v - a scroll of immolation
 w - a scroll of enchant armour {unknown}
 y - 2 scrolls of amnesia {unknown}
 F - a scroll of silence {unknown}
 H - a scroll of identify
Potions
 e - a potion of mutation
 g - a potion of curing
 k - 2 potions of berserk rage {unknown}
 o - a potion of degeneration {unknown}
 u - a potion of agility {unknown}
 B - a potion of resistance {unknown}
Comestibles
 f - 11 rations
 A - a chunk of flesh


   Skills:
 + Level 6.2 Fighting
 + Level 11.1 Axes
 + Level 5.8 Armour
 + Level 2.7 Dodging
 + Level 0.1 Stealth
 + Level 7.3 Shields


You had 8 spell levels left.
You didn't know any spells.
Your spell library was empty.

Dungeon Overview and Level Annotations

Branches:
Dungeon (6/15)
 Temple: D:4-7

Altars:
Cheibriados
Elyvilon
Fedhas
Ru
Trog
Vehumet
Wu Jian
Yredelemnul

Shops:
D:4 !


Innate Abilities, Weirdness & Mutations

You have a pair of small horns on your head.
You are dopey. (Int -2)
You expend magic power (3 MP) to strengthen your wands.


Message History

You block the white ugly thing's attack.
You hit the white ugly thing.
Your headbutt misses the white ugly thing.
The white ugly thing is lightly wounded.
The white ugly thing trunk-slaps you! The white ugly thing freezes you!!
* * * LOW HITPOINT WARNING * * *
You are too injured to fight recklessly!
You are too injured to fight recklessly!
You are too injured to fight recklessly!
You are too injured to fight recklessly!
You are too injured to fight recklessly!
You are too injured to fight recklessly!
You are too injured to fight recklessly!
You feel much better.
You block the white ugly thing's attack.
You feel very mighty all of a sudden. The white ugly thing trunk-slaps you!
* * * LOW HITPOINT WARNING * * *
The white ugly thing freezes you!!
You die...

############## ##.....##.....##
##..............##
#................#
#................#
#................# #
#..@.............##.
#..u.............#.. .###
#..u................
.....#######...(..........#...
#.........................)....
##...........).###.##..#####....
#...............# .#.........##.
#...............# .#............
#...............# .#..........##


You could see 2 ugly things.

Vanquished Creatures
  The ghost of galech the Skirmisher, a novice OgBe of Trog (D:4)
  Grinder (D:5)
  Sigmund (D:2)
  An ice beast (D:6)
  A black bear (D:6)
  3 ogres
  A crocodile (D:6)
  Blork the orc (D:6)
  3 bullfrogs (D:6)
  A scorpion (D:6)
  3 wights (D:6)
  2 crimson imps (D:6)
  Crazy Yiuf (D:4)
  2 jellies (D:6)
  4 orc priests
  3 bullfrog skeletons
  Ijyb (D:3)
  Jessica (D:2)
  2 iguanas
  3 orc wizards
  2 worker ants
  9 adders
  2 worms
  4 dart slugs
  A leopard gecko (D:6)
  14 orcs
  4 giant cockroaches
  12 goblins
  6 hobgoblins
  2 jackals (D:4)
  3 quokkas
  7 bats
  5 frilled lizards
  2 giant cockroach zombies (D:5)
  2 jackal skeletons (D:6)
  5 kobolds
  5 rats
121 creatures vanquished.

Vanquished Creatures (others)
  A centaur (D:5)
1 creature vanquished.

Grand Total: 122 creatures vanquished

Notes
Turn   | Place    | Note
-------+----------+-------------------------------------------
     0 | D:1      | Kairos the Hill Orc Fighter began the quest for the Orb.
     0 | D:1      | Reached XP level 1. HP: 19/19 MP: 1/1
    44 | D:1      | Reached XP level 2. HP: 16/27 MP: 2/2
   322 | D:1      | Reached skill level 3 in Axes
   893 | D:2      | Reached XP level 3. HP: 24/33 MP: 3/3
   986 | D:2      | Noticed Jessica
  1003 | D:2      | Killed Jessica
  1003 | D:2      | Reached skill level 4 in Axes
  1031 | D:2      | Reached XP level 4. HP: 30/40 MP: 4/4
  1476 | D:2      | Noticed Sigmund
  1498 | D:2      | Killed Sigmund
  1498 | D:2      | Reached skill level 6 in Axes
  1498 | D:2      | Reached XP level 5. HP: 10/47 MP: 5/5
  1498 | D:2      | Reached XP level 6. HP: 12/53 MP: 6/6
  2620 | D:3      | Found a blossoming altar of Fedhas.
  3023 | D:3      | Noticed Ijyb
  3030 | D:3      | Paralysed by Ijyb for 7 turns
  3040 | D:3      | Paralysed by Ijyb for 3 turns
  3048 | D:3      | Paralysed by Ijyb for 2 turns
  3054 | D:3      | Killed Ijyb
  3311 | D:4      | Noticed galech's ghost (novice OgBe)
  3350 | D:4      | Killed galech's ghost
  3350 | D:4      | Reached skill level 5 in Fighting
  3350 | D:4      | Reached skill level 7 in Axes
  3350 | D:4      | Reached skill level 1 in Dodging
  3350 | D:4      | Reached skill level 5 in Shields
  3350 | D:4      | Reached XP level 7. HP: 27/61 MP: 7/7
  3614 | D:4      | Found an ornate altar of the Wu Jian Council.
  3649 | D:4      | Found a bloodstained altar of Trog.
  3650 | D:4      | Found a basalt altar of Yredelemnul.
  3671 | D:4      | Found Voampump's Distillery.
  3693 | D:4      | Found a runed door.
  3758 | D:4      | Reached skill level 8 in Axes
  3758 | D:4      | Reached XP level 8. HP: 36/68 MP: 8/8
  3945 | D:4      | Found a white marble altar of Elyvilon.
  3946 | D:4      | Found a sacrificial altar of Ru.
  3946 | D:4      | Found a radiant altar of Vehumet.
  3947 | D:4      | Found a snail-covered altar of Cheibriados.
  4063 | D:4      | Reached skill level 9 in Axes
  4440 | D:4      | Noticed Crazy Yiuf
  4444 | D:4      | Killed Crazy Yiuf
  4453 | D:4      | Gained mutation: You expend magic power (3 MP) to strengthen your wands. [potion of mutation]
  4453 | D:4      | Gained mutation: You are dopey. (Int -2) [potion of mutation]
  4453 | D:4      | Gained mutation: You have a pair of small horns on your head. [potion of mutation]
  4489 | D:5      | Entered Level 5 of the Dungeon
  4502 | D:5      | Reached skill level 5 in Armour
  5234 | D:5      | Noticed Grinder
  5276 | D:5      | Paralysed by Grinder for 5 turns
  5282 | D:5      | Killed Grinder
  5553 | D:6      | Reached skill level 10 in Axes
  5554 | D:6      | Noticed Blork the orc
  5569 | D:6      | Killed Blork the orc
  5569 | D:6      | Reached XP level 9. HP: 75/75 MP: 9/9
  5824 | D:6      | Reached skill level 11 in Axes
  5931 | D:6      | Noticed a white ugly thing
  5935 | D:6      | Noticed a brown ugly thing
  5938 | D:6      | HP: 2/75 [white ugly thing (34)]
  5940 | D:6      | Mangled by a white ugly thing

Vault maps used:
D:1:      minmay_arrival_loop, minivault_26, minmay_surrounded
D:2:      uniq_sigmund, uniq_jessica
D:3:      lemuel_doored_altar, first_ration, dk_noncrumbling_3, uniq_ijyb
D:4:      grunt_temple_overflow_open, gammafunk_temple_overflow_pools,
          serial_shops, shop, uniq_crazy_yiuf_cottage
D:5:      kennysheep_big_empty_room, minivault_25, minmay_small_thing,
          uniq_grinder
D:6:      minmay_cornered_nines, minmay_temple_entry_grid, basic_altar,
          minmay_ogre_servants, uniq_blork_the_orc

Skill      XL: |  1  2  3  4  5  6  7  8  9 |
---------------+----------------------------+-----
Axes           | 3 4 6 7 8 10 11 | 11.1
Fighting       | 4 5 6 |  6.2
Armour         | 4 5 |  5.8
Shields        | 4 5 6 7 |  7.3
Dodging        | 1 2 |  2.7
Stealth        | |  0.1

Action                   |  1- 3 |  4- 6 |  7- 9 || total
-------------------------+-------+-------+-------++-------
Melee: War axe           |    81 |   130 |   274 ||   485
       Headbutt          |       |       |    29 ||    29
  Use: Scroll            |       |     3 |     2 ||     5
       Potion            |       |       |     3 ||     3
  Eat: Chunk             |       |     8 |     9 ||    17
Armor: Scale mail        |    39 |       |       ||    39
       Chain mail        |     4 |    72 |    65 ||   141
       Skin              |       |       |    15 ||    15
Dodge: Dodged            |    26 |    20 |    41 ||    87
Block: Shield            |    44 |    68 |   165 ||   277
       Reflection        |       |       |     8 ||     8

Table legend:
 A = Spawn XP
 B = Non-spawn XP
 C = Spawn XP percentage of total XP
 D = Spawn monster count
 E = Non-spawn monster count
 F = Spawn count percentage of total count
 G = Total turns spent on level
                    A         B        C        D         E        F      G
               +---------+---------+-------+---------+---------+-------+---------
         Total |       0 |    3548 |   0.0 |       0 |     122 |   0.0 |  5940
               +---------+---------+-------+---------+---------+-------+---------
           D:1 |       0 |      28 |   0.0 |       0 |      16 |   0.0 |   843
           D:2 |       0 |     323 |   0.0 |       0 |      19 |   0.0 |  1475
           D:3 |       0 |     151 |   0.0 |       0 |      15 |   0.0 |   951
           D:4 |       0 |    1105 |   0.0 |       0 |      26 |   0.0 |  1220
           D:5 |       0 |     414 |   0.0 |       0 |       9 |   0.0 |  1049
           D:6 |       0 |    1527 |   0.0 |       0 |      37 |   0.0 |   402
               +---------+---------+-------+---------+---------+-------+---------
